 Dungeon Crawl Stone Soup version 0.27-a0-1301-g128193abf8 (webtiles) character file.

Game seed: 17168848802632662192

52665 porpoise the Destroyer (level 14, -3/98 HPs)
             Began as a Demonspawn Wanderer on June 17, 2021.
             Was a High Priest of Sif Muna.
             Slain by a death knight (20 damage)
             ... on level 12 of the Dungeon on June 18, 2021.
             The game lasted 03:00:16 (34510 turns).

porpoise the Destroyer (Demonspawn Wanderer)       Turns: 34510, Time: 03:00:17

Health: -3/98      AC: 15    Str: 13    XL:     14   Next: 28%
Magic:  7/27       EV: 15    Int: 17    God:    Sif Muna [*****.]
Gold:   1169       SH: 16    Dex: 14    Spells: 8/31 levels left

rFire    . . .     SeeInvis .   a - +1 rapier (speed)
rCold    . . .     Faith    .   g - +0 buckler
rNeg     . . .     Spirit   .   b - +1 robe
rPois    .         Reflect  +   L - +1 hat
rElec    .         Harm     .   p - +2 cloak
rCorr    .         Rampage  .   V - +1 pair of gloves
Will     +....                  N - +0 pair of boots
Stlth    +++.......             t - amulet of reflection
HPRegen  0.26/turn              c - +4 ring of slaying
MPRegen  0.20/turn              n - +4 ring of protection

@: no status effects
A: hooves 2, large bone plates 2, foul stench 2, demonic magic 1
a: Renounce Religion, Channel Magic, Forget Spell, Divine Exegesis


You were on level 12 of the Dungeon.
You worshipped Sif Muna.
Sif Muna was extremely pleased with you.
You visited 2 branches of the dungeon, and saw 18 of its levels.
You also visited: Bailey and Ice Cave.

You collected 1235 gold pieces.
You spent 66 gold pieces at shops.

Inventory:

Hand Weapons
 a - a +1 rapier of speed (weapon)
 q - a +2 scimitar of flaming
 x - the +5 mace "Riufisso" {freeze, rElec rF+}
   (You took it off an ogre mage on level 13 of the Dungeon)

   It has been specially enchanted to freeze those struck by it, causing extra
   injury to most foes and up to half again as much damage against particularly
   susceptible opponents.
   It can also slow down cold-blooded creatures.
   It protects you from fire.
   It insulates you from electricity.
 B - the +6 whip "Ireogem" {freeze, Dex+5}
   (You took it off a boggart on level 13 of the Dungeon)

   It has been specially enchanted to freeze those struck by it, causing extra
   injury to most foes and up to half again as much damage against particularly
   susceptible opponents.
   It can also slow down cold-blooded creatures.
   It affects your dexterity (+5).
Missiles
 h - 45 arrows
 j - 281 stones
 l - 36 poisoned darts (quivered)
 T - a throwing net
Armour
 b - a +1 robe (worn)
 g - a +0 buckler (worn)
 p - a +2 cloak (worn)
 H - +0 acid dragon scales
 L - a +1 hat (worn)
 N - a +0 pair of boots (worn)
 V - a +1 pair of gloves (worn)
Magical Staves
 D - a staff of poison
Jewellery
 c - a +4 ring of slaying (left hand)
 d - a ring of willpower
 n - a +4 ring of protection (right hand)
 o - a ring of see invisible
 t - an amulet of reflection (around neck)
 u - a ring of poison resistance
 v - a ring of willpower
 G - the ring of Zisushryt {rC+ rN+ Will- Slay+4}
   (You took it off an orc knight on level 13 of the Dungeon)

   [ring of slaying]

   It affects your accuracy and damage with ranged weapons and melee attacks
   (+4).
   It protects you from cold.
   It protects you from negative energy.
   It decreases your willpower.
 S - a ring of fire
Wands
 s - a wand of iceblast (25)
 w - a wand of acid (17)
 z - a wand of flame (88)
 M - a wand of paralysis (14)
Scrolls
 e - a scroll of summoning
 i - a scroll of amnesia
 r - a scroll of magic mapping
 y - 3 scrolls of vulnerability
 A - a scroll of identify
 E - 3 scrolls of teleportation
 K - a scroll of fog
Potions
 f - 7 potions of might
 k - 3 potions of resistance
 m - 11 potions of curing
 F - a potion of lignification
 O - a potion of ambrosia
 P - 5 potions of flight
 R - 2 potions of invisibility
Miscellaneous
 C - a lightning rod (4/4)


   Skills:
 + Level 5.4 Fighting
 - Level 6.0 Short Blades
 - Level 1.0 Maces & Flails
 - Level 1.0 Throwing
 - Level 5.0 Armour
 - Level 7.0 Dodging
 - Level 7.0 Stealth
 - Level 4.0 Shields
 - Level 9.0 Spellcasting
 - Level 9.0 Conjurations
 - Level 1.0 Summonings
 - Level 7.0 Translocations
 + Level 8.4 Fire Magic
 - Level 7.0 Earth Magic
 - Level 9.0 Invocations
 - Level 5.0 Evocations


You had 8 spell levels left.
You knew the following spells:

 Your Spells              Type           Power      Damage    Failure   Level
a - Magic Dart            Conj           100%       1d8       1%          1
b - Searing Ray           Conj           76%        3d6       1%          2
c - Stone Arrow           Conj/Erth      68%        3d11      1%          3
d - Iskenderun's Mystic   Conj/Tloc      34%        2d8       3%          4
e - Lee's Rapid Deconstr  Erth           15%        3d11*     14%         5
f - Fireball              Conj/Fire      18%        3d9       8%          5
k - Blink                 Tloc           N/A        N/A       1%          2
s - Sandblast             Erth           62%        2d14      1%          1

Your spell library contained the following spells:

 Spells                   Type           Power      Damage    Failure   Level
 Shock                    Conj/Air       88%        1d8       1%          1
 Conjure Flame            Conj/Fire      37%        6-21      1%          3
 Gell's Gravitas          Tloc           15%        N/A       1%          3
 Static Discharge         Conj/Air       22%        N/A       2%          2
 Passwall                 Tmut/Erth      15%        N/A       3%          2
 Dazzling Flash           Conj/Hex       44%        N/A       4%          3
 Inner Flame              Hex/Fire       21%        N/A       4%          3
 Passage of Golubria      Tloc           N/A        N/A       5%          4
 Portal Projectile        Hex/Tloc       38%        N/A       7%          3
 Ignite Poison            Fire/Tmut/Pois 17%        N/A       9%          3
 Mephitic Cloud           Conj/Pois/Air  17%        N/A       9%          3
 Animate Skeleton         Necr           14%        N/A       10%         1
 Corona                   Hex            7%         N/A       10%         1
 Pain                     Necr           28%        1d5       10%         1
 Call Imp                 Summ           11%        N/A       10%         2
 Slow                     Hex            7%         N/A       14%         2
 Fulminant Prism          Conj/Hex       11%        3d9       14%         4
 Manifold Assault         Tloc           31%        N/A       14%         5
 Leda's Liquefaction      Hex/Erth       9%         N/A       22%         4
 Swiftness                Air            7%         N/A       28%         3
 Vampiric Draining        Necr           3%         2d6       28%         3
 Lightning Bolt           Conj/Air       11%        1d24      38%         5
 Starburst                Conj/Fire      18%        8x6d7     38%         6
 Dispersal                Tloc           15%        N/A       63%         6
 Airstrike                Air            3%         N/A       67%         4
 Animate Dead             Necr           3%         N/A       67%         4
 Cause Fear               Hex            3%         N/A       67%         4
 Agony                    Necr           7%         N/A       95%         5
 Invisibility             Hex            3%         N/A       100%        6
 Disjunction              Tloc           15%        N/A       100%        8
 Ignition                 Fire           18%        3d7       100%        8


Dungeon Overview and Level Annotations

Branches:
Dungeon (13/15)            Temple (0/1) D:5            Lair (5/6) D:11
  Swamp (0/4) Lair:4        Snake (0/4) Lair:4        Slime (0/5) Lair:5
    Orc (0/2) D:11         Bailey (visited)           IceCv (visited)
 Vaults: D:13-14

Altars:
Elyvilon
Makhleb
Nemelex Xobeh
Okawaru
Sif Muna
Vehumet
Wu Jian

Shops:
D:2 !

Annotations:
D:7 2 runed translucent doors, avis's ghost, novice DgTm
D:11 3 runed translucent doors
D:13 5 runed translucent doors, Qihuler's ghost, journeyman DEWz


Innate Abilities, Weirdness & Mutations

You have hoof-like feet.
You are mostly covered in large bone plates. (SH +6)
You sometimes emit foul miasma when damaged in melee.
Spells you cast may paralyse adjacent enemies.


Message History

Casting: Fireball (dangerous; 8% risk of failure)
Confirm with . or Enter, or press ? or * to list all spells.
Aiming: Fireball (dangerous; 8% risk of failure)
Press: ? - help, Shift-Dir - straight line, f/p - death knight
Aim: a death knight, wielding a +0 broad axe and wearing a +0 chain mail (severely wounded, reflecting injuries)
The fireball explodes!
The fireball engulfs the death knight!
The death knight is almost dead.
The fireball engulfs the freezing wraith!
The freezing wraith is burned terribly!
You destroy the freezing wraith!
Sif Muna accepts your kill. Malevolent energies surge around you.
The death knight reflects your damage back at you!
The death knight hits you with a +0 broad axe!
* * * LOW HITPOINT WARNING * * *
You climb upwards.
There is a stone staircase leading down here.
Casting: Fireball (dangerous; 8% risk of failure)
Confirm with . or Enter, or press ? or * to list all spells.
Aiming: Stone Arrow (safe; 1% risk of failure)
Press: ? - help, Shift-Dir - straight line, f - death knight
Aim: a death knight, wielding a +0 broad axe and wearing a +0 chain mail (almost dead, reflecting injuries, 74% to hit)
The stone arrow hits the death knight.
The death knight is almost dead.
Malevolent energies surge around you.
The death knight reflects your damage back at you!
* * * LOW HITPOINT WARNING * * *
The death knight invokes the aid of Yredelemnul against you.
You struggle to resist.
Casting: Stone Arrow (safe; 1% risk of failure)
Confirm with . or Enter, or press ? or * to list all spells.
Aiming: Stone Arrow (safe; 1% risk of failure)
Press: ? - help, Shift-Dir - straight line, f/p - death knight
Aim: a death knight, wielding a +0 broad axe and wearing a +0 chain mail (almost dead, reflecting injuries, 74% to hit)
The stone arrow hits the death knight.
The death knight is almost dead.
Malevolent energies surge around you.
The death knight reflects your damage back at you!
The death knight hits you with a +0 broad axe!!
You die...

#.# #..###.######..#
##.##########...##..####
#................#.....#####
#..#########.#.............####
###..# #.#...#..........#..
.....# ##...###......).....
###.## ##..# #.........#.# #
#.# #p.# #......#.##.# # #.#
#@.###.#..###.##.# # #.#
#......#.####.##.# # #.#
##.###.......)...# # #.#
#......[)......[. # #.######
#.#####>#.#####.# #.##...## #.#
#.#.# #.# #.#.....#
#.#####.#.#####.# #.......#
#.##............. #####.....#
#.##.##.#.#####..


You could see a death knight (reflects damage).

Vanquished Creatures
  A fire dragon (D:11)
  An ogre mage (D:13)
  6 hydras
  A centaur warrior (D:13)
  A boulder beetle (D:13)
  4 two-headed ogres
  A catoblepas (D:13)
  5 death yaks
  3 tengu warriors
  A bog body (Lair:4)
  An orc knight (D:13)
  2 manticores (D:13)
  5 cyclopes
  3 centaur zombies
  3 elephants (Lair:5)
  8 cane toads
  An unseen horror (D:12)
  An efreet (D:12)
  A komodo dragon (shapeshifter) (D:13)
  4 rime drakes
  A tengu conjurer (D:13)
  2 freezing wraiths (D:13)
  7 komodo dragons
  10 trolls (D:11)
  5 polar bears (IceCv)
  Grinder (D:6)
  12 blink frogs
  A slime creature (shapeshifter) (D:13)
  A hornet (D:11)
  9 slime creatures
  A shadow (D:8)
  A water elemental (D:11)
  A wyvern (Lair:3)
  A spriggan (shapeshifter) (D:13)
  A vampire (D:13)
  2 wraiths
  7 basilisks
  A hog (shapeshifter) (D:13)
  Grum (D:9)
  50 yaks
  2 steam dragons
  A naga (Lair:4)
  2 acid dragons
  6 water moccasins
  Purgy (D:4)
  3 orc warriors
  2 sky beasts
  3 black bears
  A boggart (D:13)
  5 centaurs
  24 wolves
  A phantom (D:5)
  20 bullfrogs
  A kobold brigand (D:11)
  A scorpion (D:10)
  A gnoll sergeant (D:10)
  11 killer bees
  4 wights (D:7)
  An electric eel (Lair:3)
  6 howler monkeys
  2 bullfrog zombies
  3 hounds
  2 jellies
  A centaur skeleton (D:7)
  A gnoll shaman (D:9)
  5 orc priests
  11 orc wizards
  4 hell rats (Lair:2)
  A killer bee zombie (D:8)
  3 howler monkey zombies
  11 gnolls
  6 adders
  2 white imps (D:5)
  An ufetubus (D:7)
  An adder skeleton (D:4)
  2 worms (D:2)
  34 orcs
  8 endoplasms
  A giant cockroach (D:4)
  14 goblins
  9 hobgoblins
  11 jackals
  7 kobolds
  5 quokkas
  10 ball pythons
  7 bats
  A frilled lizard (D:1)
  5 rats
432 creatures vanquished.

Vanquished Creatures (others)
  A manticore (D:11)
  7 demonic plants (D:2)
  87 fungi
  122 plants
  3 withered plants (D:2)
220 creatures vanquished.

Grand Total: 652 creatures vanquished

Notes
Turn   | Place    | Note
-------+----------+-------------------------------------------
     0 | D:1      | porpoise the Demonspawn Wanderer began the quest for the
                  | Orb.
     0 | D:1      | porpoise set off with the following items: a +0 club, a +0
                  | robe; and the following spells available to memorise: Magic
                  | Dart, Sandblast, Shock, Call Imp, Blink, Slow, Conjure
                  | Flame, Mephitic Cloud, Stone Arrow
     0 | D:1      | Reached XP level 1. HP: 13/13 MP: 5/5
    17 | D:1      | Learned a level 1 spell: Sandblast
    19 | D:1      | Learned a level 1 spell: Magic Dart
    91 | D:1      | Reached skill level 1 in Fighting
   446 | D:1      | Gained mutation: Spells you cast may paralyse adjacent
                  | enemies. [demonic ancestry]
   446 | D:1      | Reached XP level 2. HP: 22/22 MP: 1/7
  1244 | D:2      | Reached XP level 3. HP: 22/27 MP: 3/8
  1516 | D:2      | Reached skill level 1 in Conjurations
  1571 | D:2      | Reached skill level 1 in Earth Magic
  1773 | D:2      | Found Qiuj's Distillery.
  1777 | D:2      | Found a faded altar of an unknown god.
  1789 | D:2      | Bought a potion of curing for 33 gold pieces
  1789 | D:2      | Bought a potion of curing for 33 gold pieces
  2107 | D:2      | Found a shimmering blue altar of Sif Muna.
  2114 | D:2      | Became a worshipper of Sif Muna the Loreminder
  2622 | D:3      | Reached XP level 4. HP: 34/34 MP: 1/10
  3325 | D:3      | Found an ornate altar of the Wu Jian Council.
  3327 | D:3      | Found a burning altar of Makhleb.
  3982 | D:3      | Reached XP level 5. HP: 41/41 MP: 8/11
  4015 | D:3      | Reached * piety under Sif Muna
  5150 | D:4      | Noticed Purgy
  5162 | D:4      | Killed Purgy
  5163 | D:4      | Reached XP level 6. HP: 30/47 MP: 6/12
  5824 | D:5      | Entered Level 5 of the Dungeon
  6200 | D:5      | Gained mutation: You may rarely emit foul miasma when
                  | damaged in melee. [demonic ancestry]
  6200 | D:5      | Reached XP level 7. HP: 52/52 MP: 11/13
  6288 | D:5      | Learned a level 3 spell: Stone Arrow
  6291 | D:5      | Learned a level 2 spell: Blink
  6294 | D:5      | Found a staircase to the Ecumenical Temple.
  6858 | D:6      | Reached ** piety under Sif Muna
  6970 | D:6      | Reached skill level 5 in Conjurations
  6993 | D:6      | Learned a level 2 spell: Searing Ray
  6998 | D:6      | Learned a level 4 spell: Iskenderun's Mystic Blast
  7137 | D:6      | Noticed a steam dragon
  7143 | D:6      | Killed a steam dragon
  7144 | D:6      | Reached skill level 5 in Earth Magic
  7189 | D:6      | Identified the +5 mace of the Spheres {protect, rC+}
  7441 | D:6      | Reached XP level 8. HP: 41/58 MP: 7/14
  7716 | D:6      | Noticed Grinder
  7725 | D:6      | Killed Grinder
  7726 | D:6      | Reached skill level 5 in Spellcasting
  8075 | D:7      | Reached skill level 1 in Invocations
  8077 | D:7      | Reached skill level 1 in Translocations
  8175 | D:7      | Found a flagged portal.
  8272 | Bailey   | Entered a bailey
  8298 | Bailey   | Noticed an orc warlord
  8452 | D:7      | Reached skill level 5 in Invocations
  8500 | D:7      | Reached XP level 9. HP: 63/63 MP: 12/16
  9007 | D:7      | Found a large runed translucent door.
  9007 | D:7      | Found a large runed translucent door.
  9010 | D:7      | Noticed avis's ghost (novice DgTm)
  9382 | D:8      | Noticed a two-headed ogre
  9389 | D:8      | Killed a two-headed ogre
  9390 | D:8      | Reached skill level 5 in Translocations
  9496 | D:8      | Found an iron altar of Okawaru.
  9584 | D:8      | Reached skill level 1 in Dodging
  9820 | D:8      | Found a radiant altar of Vehumet.
  9867 | D:8      | Reached *** piety under Sif Muna
 10856 | D:9      | Gained mutation: You are partially covered in large bone
                  | plates. (SH +4) [demonic ancestry]
 10856 | D:9      | Reached XP level 10. HP: 73/73 MP: 11/20
 11065 | D:9      | Reached skill level 5 in Fighting
 11252 | D:9      | Noticed Grum
 11264 | D:9      | Reached skill level 1 in Evocations
 11270 | D:9      | Killed Grum
 11435 | D:9      | Found a sparkling altar of Nemelex Xobeh.
 12009 | D:10     | Entered Level 10 of the Dungeon
 12760 | D:10     | Noticed a two-headed ogre
 12773 | D:10     | Killed a two-headed ogre
 12774 | D:10     | Reached skill level 5 in Dodging
 12774 | D:10     | Reached skill level 5 in Evocations
 12774 | D:10     | Reached skill level 1 in Short Blades
 13920 | D:11     | Found a frozen archway.
 13939 | D:11     | Gained mutation: You have large cloven feet. [demonic
                  | ancestry]
 13939 | D:11     | Reached XP level 11. HP: 68/79 MP: 0/21
 14072 | IceCv    | Entered an ice cave
 14082 | IceCv    | Reached **** piety under Sif Muna
 14339 | IceCv    | Reached skill level 5 in Stealth
 15237 | D:11     | Reached skill level 5 in Short Blades
 15343 | D:11     | Upgraded the game from 0.27-a0-1299-g1ab19c6527 to
                  | 0.27-a0-1301-g128193abf8
 15346 | D:11     | Noticed a fire dragon
 17073 | D:11     | Found a staircase to the Lair.
 17145 | D:11     | Killed a fire dragon
 17155 | D:11     | Paralysed by a hornet for 3 turns
 17794 | D:11     | Gained mutation: You sometimes emit foul miasma when
                  | damaged in melee. [demonic ancestry]
 17794 | D:11     | Reached XP level 12. HP: 77/86 MP: 7/22
 17962 | D:11     | Found a runed translucent gate.
 17962 | D:11     | Found a runed translucent gate.
 17962 | D:11     | Found a runed translucent gate.
 17963 | D:11     | Noticed a brown very ugly thing
 18031 | D:11     | Found a staircase to the Orcish Mines.
 18445 | D:12     | Found a burning altar of Makhleb.
 18989 | D:12     | Noticed a two-headed ogre
 18993 | D:12     | Killed a two-headed ogre
 19133 | D:12     | Noticed a two-headed ogre
 19146 | D:12     | Killed a two-headed ogre
 19785 | Lair:1   | Entered Level 1 of the Lair of Beasts
 19982 | Lair:1   | Learned a level 5 spell: Fireball
 20183 | Lair:1   | Noticed a four-headed hydra
 20286 | Lair:1   | Killed a four-headed hydra
 21242 | Lair:2   | Noticed a death yak
 21244 | Lair:2   | Noticed a death yak
 21244 | Lair:2   | Noticed a death yak
 21245 | Lair:2   | Noticed a death yak
 21266 | Lair:1   | Killed a death yak
 21573 | D:11     | Killed a death yak
 21957 | Lair:2   | Noticed a death yak
 22066 | Lair:1   | Killed a death yak
 22346 | Lair:2   | Killed a death yak
 22488 | Lair:1   | Killed a death yak
 23659 | Lair:2   | Reached skill level 1 in Fire Magic
 24084 | Lair:2   | Gained mutation: You are mostly covered in large bone
                  | plates. (SH +6) [demonic ancestry]
 24084 | Lair:2   | Reached XP level 13. HP: 91/91 MP: 17/26
 25162 | Lair:2   | Reached ***** piety under Sif Muna
 26848 | Lair:3   | Reached skill level 5 in Fire Magic
 27153 | Lair:4   | Found a gate leading to a gauntlet.
 27852 | Lair:4   | Found a staircase to the Snake Pit.
 28082 | Lair:4   | Found a staircase to the Swamp.
 28481 | Lair:4   | Reached skill level 5 in Armour
 29354 | Lair:5   | Found a staircase to the Slime Pits.
 30007 | Lair:5   | Received a gift from Sif Muna
 31145 | D:13     | Found a runed translucent gate.
 31152 | D:13     | Found a runed translucent gate.
 31153 | D:13     | Found a runed translucent gate.
 31153 | D:13     | Noticed Qihuler's ghost (journeyman DEWz)
 31907 | D:13     | Reached skill level 1 in Shields
 32314 | D:13     | Gained mutation: You have hoof-like feet. [demonic
                  | ancestry]
 32314 | D:13     | Reached XP level 14. HP: 98/98 MP: 8/27
 32323 | D:13     | Identified the +6 whip "Ireogem" {freeze, Dex+5}
 33057 | D:13     | Identified the +5 mace "Riufisso" {freeze, rElec rF+}
 33067 | D:13     | Paralysed by something for 2 turns
 33316 | D:13     | Found a runed translucent door.
 33316 | D:13     | Found a runed translucent door.
 33456 | D:13     | Learned a level 5 spell: Lee's Rapid Deconstruction
 33504 | D:13     | Identified the ring of Zisushryt {rC+ rN+ Will- Slay+4}
 34510 | D:12     | Slain by a death knight

Illustrated notes

Levels and vault maps discovered:
D:1:      psy_arrival_heroes, layout_basic
D:2:      layout_loops_cross, serial_shops, shop_coins,
          shapermc_ecumenical_altar_gd, basic_altar, grunt_decor_one_mirror,
          serial_bayou_pond_a, grunt_ministairs_12, grunt_decor_cap
D:3:      kennysheep_the_goblin_king, layout_loops_ring, minitemple
D:4:      layout_cave_pods, serial_bayou_ford_a, uniq_purgy
D:5:      layout_basic, minmay_temple_entry_mist, minmay_door_square
D:6:      layout_cave_pools, lemuel_coloured_pillars_altar, uniq_grinder
D:7:      layout_basic, enter_bailey_3, ebering_ghost_disaster_area
D:8:      layout_gridville, kennysheep_mini_moat, lemuel_doored_altar
D:9:      layout_loops_ring, lemuel_round_altar, library_closet, uniq_grum
D:10:     layout_irregular_city, roderic_serpentine_path
D:11:     lemuel_troll_bridge, layout_rooms, due_lair_maze_entry_diamond,
          ploomutoo_gammafunk_ghost_potion_laboratory, portal_ice_cave_rime
D:12:     layout_loops_ring, bloody_makhleb
D:13:     minmay_the_grid_triangle_9x9_recursive_2_mashed
          [minmay_the_grid_triangle_9x9_prize_schism,
          minmay_the_grid_triangle_9x9_tough_junction,
          minmay_the_grid_triangle_9x9_empty,
          minmay_the_grid_triangle_9x9_alien], layout_irregular_city,
          gammafunk_ghost_split
Lair:1:   layout_chaotic_city, minmay_stone_trees_medium
Lair:2:   beast_lair_carwin_large_1, layout_layer_cave
Lair:3:   layout_gridlike
Lair:4:   layout_concentric_octagons, skrybe_swamp_entry_bodies,
          guppyfry_snake_entry_garden, gauntlet_entry_generic,
          serial_bayou_shore_b
Lair:5:   layout_regular_city, minmay_slime_entry_pillars

Skill      XL: |  1  2  3  4  5  6  7  8  9 10 11 12 13 14 |
---------------+-------------------------------------------+-----
Fighting       | 1 2 3 4 5 |  5.4
Conjurations   | 1 2 3 4 6 7 9 |  9.0
Earth Magic    | 1 2 3 4 5 7 |  7.0
Spellcasting   | 5 7 9 |  9.0
Invocations    | 5 7 9 |  9.0
Translocations | 3 5 7 |  7.0
Dodging        | 3 5 6 7 |  7.0
Evocations     | 5 |  5.0
Short Blades   | 3 5 6 |  6.0
Stealth        | 4 5 7 |  7.0
Fire Magic     | 1 7 8 |  8.4
Armour         | 5 |  5.0
Shields        | 3 4 |  4.0
Maces & Flails | |  1.0
Throwing       | |  1.0
Summonings     | |  1.0

Action                   |  1- 3 |  4- 6 |  7- 9 | 10-12 | 13-15 || total
-------------------------+-------+-------+-------+-------+-------++-------
Melee: Club              |    11 |       |       |       |       ||    11
       Dagger            |     6 |       |       |       |       ||     6
       Rapier            |    31 |    55 |    35 |    62 |    39 ||   222
       Short sword       |     1 |       |       |       |       ||     1
       Kick              |       |       |       |     9 |       ||     9
Throw: Dart              |       |    25 |    40 |   111 |   110 ||   286
       Boomerang         |       |       |     3 |    23 |       ||    26
       Stone             |       |       |       |     2 |     9 ||    11
       Javelin           |       |       |       |     2 |       ||     2
       Throwing net      |       |       |       |       |     1 ||     1
 Cast: Magic Dart        |    84 |    40 |    19 |    20 |    11 ||   174
       Sandblast         |    27 |    72 |    13 |       |       ||   112
       Stone Arrow       |       |       |    32 |    89 |    98 ||   219
       Searing Ray       |       |       |    30 |   116 |    84 ||   230
       Iskenderun's Myst |       |       |     2 |    48 |    40 ||    90
       Fireball          |       |       |       |       |    13 ||    13
Evoke: Wand              |       |       |     1 |    11 |     6 ||    18
  Use: Scroll            |       |     1 |    10 |     9 |     4 ||    24
       Potion            |       |       |       |     4 |     2 ||     6
 Stab: Paralysed         |     7 |    37 |    17 |    19 |    14 ||    94
Armor: Robe              |     7 |    16 |    47 |   109 |    54 ||   233
Dodge: Dodged            |    29 |    39 |    39 |   140 |    67 ||   314
Block: Other             |       |    12 |    16 |   106 |    43 ||   177
       Reflection        |       |     1 |     3 |     9 |     5 ||    18
       Buckler           |       |       |       |       |    29 ||    29

Table legend: (Time is in decaauts)
 A = Elapsed time spent in this place.
 B = Non-inter-level travel time spent in this place.
 C = Inter-level travel time spent in this place.
 D = Time resting spent in this place.
 E = Time spent auto-exploring this place.
 F = Levels seen in this place.
 G = Mean time per level.
                   A        B        C        D        E       F      G
               +--------+--------+--------+--------+--------+-----+--------+
         Total |  34595 |  33572 |   1023 |  17103 |  11473 |  20 | 1729.8 |
       Dungeon |  22852 |  22165 |    687 |  11596 |   7444 |  13 | 1757.8 |
          Lair |  10566 |  10230 |    336 |   4783 |   4004 |   5 | 2113.2 |
        Bailey |     33 |     33 |      0 |      0 |      0 |   1 |   33.0 |
      Ice Cave |   1143 |   1143 |      0 |    723 |     25 |   1 | 1143.0 |
               +--------+--------+--------+--------+--------+-----+--------+

Top non-repeatable levels by time:
  Lair:2: 3532 daAuts
    D:10: 2852 daAuts
    D:11: 2776 daAuts
    D:13: 2618 daAuts
    D:12: 2301 daAuts
     D:9: 1932 daAuts
  Lair:1: 1900 daAuts
     D:2: 1894 daAuts
  Lair:4: 1749 daAuts
  Lair:3: 1720 daAuts
  Lair:5: 1664 daAuts
     D:3: 1580 daAuts
     D:4: 1252 daAuts
     D:6: 1217 daAuts
     D:7: 1173 daAuts
